 Dungeon Crawl Stone Soup version 0.25.0-26-g0c896c7088 (webtiles) character file.

Game seed: 4063756526349023804

25 Exodus22XD the Sneak (level 2, -3/11 HPs)
             Began as a Felid Enchanter on July 4, 2020.
             Slain by an adder (4 damage)
             ... on level 2 of the Dungeon.
             The game lasted 00:01:36 (1627 turns).

Exodus22XD the Sneak (Felid Enchanter)              Turns: 1627, Time: 00:01:37

Health: -3/11      AC:  1    Str:  4    XL:     2   Next: 86%
Magic:  6/6        EV: 18    Int: 16    God:
Gold:   36         SH:  0    Dex: 16    Spells: 4/5 levels left
                                        Lives:  0   Deaths: 0

rFire    . . .     SeeInvis +     - Unarmed
rCold    . . .     Gourm    .   (shield unavailable)
rNeg     . . .     Faith    .   (armour unavailable)
rPois    .         Spirit   .   (helmet unavailable)
rElec    .         Reflect  .   (cloak unavailable)
rCorr    .         Harm     .   (gloves unavailable)
MR       .....                  (boots unavailable)
Stlth    ++++......             (no amulet)
HPRegen  0.03/turn              (no ring)
MPRegen  0.10/turn              (no ring)

@: quick
A: very small, no armour, no weapons or thrown items, stealth, claws 1, fangs 3,
see invisible, carnivore, speed 1, shaggy fur 1, slow metabolism 1, sharp paws
a: no special abilities


You were on level 2 of the Dungeon.
You were completely stuffed.

You visited 1 branch of the dungeon, and saw 2 of its levels.

You collected 36 gold pieces.

Inventory:

Scrolls
 d - a scroll of teleportation {unknown}
 f - a scroll of noise {unknown}
 i - a scroll of magic mapping {unknown}
Potions
 a - a potion of brilliance {unknown}
 c - a potion of haste {unknown}
 e - a potion of curing {unknown}
 g - a potion of resistance {unknown}
Comestibles
 b - 5 rations
 h - a chunk of flesh


   Skills:
 - Level 2.6 Dodging
 + Level 5.8 Stealth
 - Level 1.0 Unarmed Combat
 - Level 2.0 Spellcasting
 - Level 4.4 Hexes


You had 4 spell levels left.
You knew the following spells:

 Your Spells              Type           Power        Failure   Level  Hunger
a - Corona                Hex            ###....      3%          1    #......

Your spell library contained the following spells:

 Spells                   Type           Power        Failure   Level  Hunger
 Confusing Touch          Hex            ###.....     11%         3    ###....
 Tukima's Dance           Hex            ###.....     11%         3    ###....
 Ensorcelled Hibernation  Hex/Ice        #.....       13%         2    ###....
 Dazzling Flash           Conj/Hex       #.....       26%         3    ###....


Dungeon Overview and Level Annotations

Branches:
Dungeon (2/15)

Altars:
Ashenzari


Innate Abilities, Weirdness & Mutations

You cannot wear armour.
You are incapable of wielding weapons or throwing items.
Your paws allow you to move quietly. (Stealth)
You have sharp claws.
You have razor-sharp teeth.
You have supernaturally acute eyesight. (SInv)
You are carnivorous and can eat meat at any time.
You cover ground quickly.
You are covered in fur. (AC +1)
You have a slow metabolism.
Your sharp claws are effective at attacking unaware monsters.


Message History

The adder is moderately wounded.
The adder barely misses you.
You scratch the adder.
The adder is moderately wounded.
The adder bites you.
You closely miss the adder.
The adder is moderately wounded.
The adder completely misses you.
You scratch the adder.
The adder is heavily wounded.
The adder bites you.
* * * LOW HITPOINT WARNING * * *
You completely miss the adder.
The adder is heavily wounded.
The adder barely misses you. x2
Okay, then.
You scratch the adder but do no damage.
The adder is heavily wounded.
The adder bites you.
You die...

#....≈.≈...≈# #..#
#....≈.≈..≈.#.≈≈#≈≈.#
#....≈....≈♣#.[≈#≈≈♣#
#.........♣≈≈≈≈≈≈.≈.##
#######...≈≈≈.#....≈.#
#...≈≈≈.♣.≈≈≈≈.#
#...≈≈.≈.♣≈.≈..#
#...♣≈≈..≈S.#..#
#.....≈≈#♣@##≈.##
#.................
########..########
####


You could see an adder (corona).

Vanquished Creatures
  2 dart slugs (D:1)
  5 goblins
  3 hobgoblins
  5 bats
  2 frilled lizards (D:1)
  3 kobolds
  3 rats
23 creatures vanquished.

Notes
Turn   | Place    | Note
-------+----------+-------------------------------------------
     0 | D:1      | Exodus22XD the Felid Enchanter began the quest for the Orb.
     0 | D:1      | Reached XP level 1. HP: 7/7 MP: 4/4
   608 | D:1      | Found a shattered altar of Ashenzari.
   617 | D:1      | Reached XP level 2. HP: 11/11 MP: 6/6
   626 | D:1      | Reached skill level 5 in Stealth
  1627 | D:2      | Slain by an adder

Illustrated notes

Levels and vault maps discovered:
D:1:      dpeg_arrival_water_fire, layout_basic, chequers_serial_rivers_large_a,
          hangedman_decor_clover_reticule, kennysheep_minor_cross,
          minmay_misc_feat_room, ashenzari_altar_1
D:2:      minmay_razor_zed, layout_basic, serial_rivers,
          chequers_serial_rivers_micro_e, chequers_serial_rivers_micro_e,
          chequers_serial_rivers_small_a, chequers_serial_rivers_marsh,
          chequers_serial_rivers_micro_e

Skill      XL: |  1  2 |
---------------+-------+-----
Stealth        | 5 |  5.8
Dodging        | |  2.6
Unarmed Combat | |  1.0
Spellcasting   | |  2.0
Hexes          | |  4.4

Action                   || total
-------------------------++-------
Melee: Unarmed           ||    50
       Bite              ||     3
 Cast: Corona            ||     6
 Stab: Sleeping          ||    12
       Distracted        ||     1
  Eat: Chunk             ||     9
Armor: Skin              ||     2
Dodge: Dodged            ||    35
